 Dungeon Crawl Stone Soup version 0.28-a0-768-g8c92f1e708 (webtiles) character file.

Game seed: 12708089068609284635

213 Astera the Cudgeller (level 5, -3/33 HPs)
             Began as a Gargoyle Monk on Oct 31, 2021.
             Slain by a black bear (4 damage)
             ... on level 4 of the Dungeon.
             The game lasted 00:10:30 (4905 turns).

Astera the Cudgeller (Gargoyle Monk)                Turns: 4905, Time: 00:10:31

Health: -3/33      AC: 15    Str: 15    XL:     5   Next: 90%
Magic:  5/5        EV: 10    Int: 16    God:
Gold:   186        SH:  0    Dex: 13    Spells: 4/4 levels left

rFire   . . .      SeeInvis .   a - +0 mace
rCold   . . .      Faith    .   (no shield)
rNeg    + . .      Spirit   .   r - +0 scale mail
rPois   ∞          Reflect  .   (no helmet)
rElec   +          Harm     .   (no cloak)
rCorr   .          Rampage  .   d - +0 pair of gloves
Will    .....                   (no boots)
Stlth   +.........              (no amulet)
HPRegen 0.11/turn               f - +6 ring of intelligence
MPRegen 0.09/turn               m - +4 ring of protection

@: no status effects
A: sickness immunity, AC +4, negative energy resistance 1, electricity
resistance, torment resistance 1, petrification resistance
a: no special abilities


You were on level 4 of the Dungeon.
You visited 1 branch of the dungeon, and saw 4 of its levels.

You collected 186 gold pieces.

Inventory:

Hand Weapons
 a - a +0 mace (weapon)
 k - a +0 flail
Armour
 b - a +0 robe
 d - a +0 pair of gloves (worn)
 g - a +0 chain mail
 r - a +0 scale mail (worn)
Jewellery
 f - a +6 ring of intelligence (left hand)
 m - a +4 ring of protection (right hand)
Scrolls
 i - a scroll of torment {unknown}
 j - a scroll of magic mapping {unknown}
 l - a scroll of teleportation {unknown}
 o - a scroll of holy word {unknown}
 q - a scroll of identify {unknown}
Potions
 c - 2 potions of attraction {unknown}
 e - a potion of heal wounds {unknown}
 h - a potion of mutation {unknown}
 n - a potion of curing {unknown}
 p - a potion of lignification {unknown}


   Skills:
 + Level 4.0 Fighting
 + Level 4.8 Maces & Flails
 + Level 1.9 Armour
 + Level 3.0 Dodging
 + Level 3.1 Stealth


You had 4 spell levels left.
You didn't know any spells.
Your spell library contained the following spells:

 Spells                   Type           Power      Damage    Failure   Level
 Summon Forest            Summ/Tloc      0%         N/A       100%        5
 Eringya's Noxious Bog    Tmut/Pois      0%         N/A       100%        6
 Summon Hydra             Summ           0%         N/A       100%        7


Dungeon Overview and Level Annotations

Branches:
Dungeon (4/15)
 Temple: D:4-7

Altars:
Fedhas
Gozag
Wu Jian
Yredelemnul

Annotations:
D:3 Sigmund


Innate Abilities, Weirdness & Mutations

You are immune to sickness and miasma.
Your stone body is resilient. (AC +4)
You are immune to poison.
You resist negative energy. (rN+)
You are resistant to electric shocks. (rElec)
You are resistant to unholy torment.
You are immune to petrification.


Message History

The black bear is almost dead.
The black bear goes berserk!
You completely miss the black bear.
The black bear is almost dead.
The black bear closely misses you. The black bear barely misses you.
The black bear claws you but does no damage.
You hit the black bear.
The black bear is almost dead.
The black bear bites you.
The black bear claws you but does no damage. x2
The black bear barely misses you. x2
The black bear claws you but does no damage.
You closely miss the black bear.
The black bear is almost dead.
The black bear bites you but does no damage.
The black bear claws you. The black bear barely misses you.
The black bear bites you but does no damage.
The black bear claws you but does no damage. x2
You hit the black bear but do no damage.
The black bear is almost dead.
The black bear bites you.
The black bear claws you but does no damage. x2
The black bear bites you!
The black bear claws you but does no damage.
The black bear closely misses you.
You barely miss the black bear.
The black bear is almost dead.
The black bear bites you.
* * * LOW HITPOINT WARNING * * *
The black bear claws you but does no damage.
The black bear claws you.
* * * LOW HITPOINT WARNING * * *
The black bear barely misses you.
The black bear claws you but does no damage.
The black bear claws you.
* * * LOW HITPOINT WARNING * * *
Really walk into that dispersal trap?
You enter a dispersal trap!
The black bear blinks!
The hobgoblin blinks!
You blink.
The black bear bites you.
You die...

#............ #......#
#......# ##.##### ###§####
.. ##...§..## ..
##........###.#
##.......§..#..
#.........h@#.#
##...........#.#
#####..............####..
...#....................#
...................#######
.........................#
###
.................#######.##
..# .................#
#..#####.#
.................#
##.O..##..


You could see a black bear (berserk).

Vanquished Creatures
  An ogre (D:4)
  4 adders
  An adder skeleton (D:4)
  A worm (D:2)
  2 dart slugs
  An orc (D:3)
  7 bats
  7 endoplasms
  11 giant cockroaches
  4 goblins
  7 hobgoblins
  3 quokkas
  10 ball pythons
  4 frilled lizards
  6 kobolds
  6 rats
  A toadstool (D:1)
76 creatures vanquished.

Vanquished Creatures (others)
  3 toadstools (D:1)
3 creatures vanquished.

Grand Total: 79 creatures vanquished

Notes
Turn   | Place    | Note
-------+----------+-------------------------------------------
     0 | D:1      | Astera the Gargoyle Monk began the quest for the Orb.
     0 | D:1      | Reached XP level 1. HP: 14/14 MP: 1/1
   368 | D:1      | Reached XP level 2. HP: 17/19 MP: 2/2
   574 | D:1      | Found a faded altar of an unknown god.
  1084 | D:1      | Reached XP level 3. HP: 18/23 MP: 3/3
  2275 | D:2      | Reached XP level 4. HP: 15/29 MP: 4/4
  2985 | D:3      | Noticed Sigmund
  3116 | D:3      | Found an ornate altar of the Wu Jian Council.
  4030 | D:3      | Reached skill level 1 in Armour
  4036 | D:3      | Reached XP level 5. HP: 30/33 MP: 5/5
  4337 | D:4      | Found a blossoming altar of Fedhas.
  4465 | D:4      | Noticed an ogre
  4599 | D:4      | Killed an ogre
  4813 | D:4      | Found an opulent altar of Gozag.
  4815 | D:4      | Found a basalt altar of Yredelemnul.
  4880 | D:4      | Noticed a black bear
  4903 | D:4      | HP: 1/33 [black bear (3)]
  4905 | D:4      | Slain by a black bear

Illustrated notes

Levels and vault maps discovered:
D:1:      ldierk_water_garden, layout_loops_corners,
          hellmonk_ecumenical_altar_slurped_away, amcnicky_mini_pool_small
D:2:      minmay_alternating_diamond, layout_rooms, serial_co_window_serial,
          co_window_paths_a, co_window_paths_b, co_window_corner_a,
          co_window_corner_a, co_window_corner_a, co_window_of_opportunity_a,
          co_window_paths_a, co_window_unsneaky_path_e, co_window_2corner,
          co_window_broadway_a, co_window_corner_ca, co_window_4corner_a,
          co_window_sun, glass_columns_a
D:3:      minmay_roachtagon, layout_basic, nicolae_wu_jian_wuxing_cycle,
          solitary_fountain, minivault_19, uniq_sigmund
D:4:      layout_rooms, fedhas_altar_2,
          chequers_temple_overflow_statue_of_worship, minmay_small_thing

Skill      XL: |  1  2  3  4  5 |
---------------+----------------+-----
Stealth        | 3 |  3.1
Maces & Flails | 4 |  4.8
Armour         | 1 |  1.9
Fighting       | 4 |  4.0
Dodging        | 3 |  3.0

Action                   |  1- 3 |  4- 6 || total
-------------------------+-------+-------++-------
Melee: Mace              |   136 |   132 ||   268
  Use: Scroll            |       |     1 ||     1
 Stab: Sleeping          |     3 |       ||     3
Armor: Robe              |    27 |       ||    27
       Chain mail        |    23 |   103 ||   126
       Scale mail        |       |    34 ||    34
Dodge: Dodged            |    82 |    66 ||   148

Table legend: (Time is in decaauts)
 A = Elapsed time spent in this place.
 B = Non-inter-level travel time spent in this place.
 C = Inter-level travel time spent in this place.
 D = Time resting spent in this place.
 E = Time spent auto-exploring this place.
 F = Levels seen in this place.
 G = Mean time per level.
                   A        B        C        D        E       F      G
               +--------+--------+--------+--------+--------+-----+--------+
         Total |   4972 |   4756 |    216 |    626 |   2517 |   4 | 1243.0 |
       Dungeon |   4972 |   4756 |    216 |    626 |   2517 |   4 | 1243.0 |
               +--------+--------+--------+--------+--------+-----+--------+

Top non-repeatable levels by time:
     D:2: 1713 daAuts
     D:3: 1532 daAuts
     D:1: 1435 daAuts
     D:4: 291 daAuts
